 Dungeon Sprint DCSS version 0.29-a0-222-g5b244fca1f (webtiles) character file.

Game seed: 12612531443094111585

147 mhtbhm the Covered (level 5, -4/37 HPs)
             Began as a Gargoyle Fighter on Feb 27, 2022.
             Slain by an iron imp (5 damage)
             ... summoned by a kobold demonologist
             ... in the Dungeon (Sprint III: "The Ten Rune Challenge").
             The game lasted 00:00:53 (652 turns).

mhtbhm the Covered (Gargoyle Fighter)                Turns: 652, Time: 00:00:54

Health: -4/37      AC: 11    Str: 22    XL:     5   Next: 29%
Magic:  5/5        EV:  9    Int:  8    God:
Gold:   20         SH:  5    Dex: 11    Spells: 4/4 levels left

rFire   . . .      SeeInvis .   a - +0 flail
rCold   . . .      Faith    .   c - +0 buckler
rNeg    + . .      Spirit   .   b - +0 scale mail
rPois   ∞          Reflect  .   (no helmet)
rElec   +          Harm     .   (no cloak)
rCorr   .          Rampage  .   (no gloves)
Will    .....      NoTele   +   (no boots)
Stlth   ..........              (no amulet)
HPRegen 0.12/turn               (no ring)
MPRegen 0.09/turn               (no ring)

@: mighty, spiked
A: sickness immunity, AC +4, negative energy resistance 1, electricity
resistance, torment resistance 1, petrification resistance, agile 1, sense
surroundings 1
a: no special abilities


You were in the Dungeon.
You visited 1 branch You collected 20 gold pieces.

Inventory:

Hand Weapons
 a - a +0 flail (weapon)
Armour
 b - a +0 scale mail (worn)
 c - a +0 buckler (worn)
Scrolls
 i - a scroll of holy word {unknown}
 j - a scroll of blinking
 l - a scroll of identify {unknown}
 n - a scroll of torment {unknown}
 o - a scroll of fog {unknown}
Potions
 e - a potion of curing
 g - a potion of haste
 h - 2 potions of magic
 k - a potion of attraction {unknown}
 m - 3 potions of flight
 p - 6 potions of mutation


   Skills:
 + Level 6.7 Fighting
 + Level 5.1 Maces & Flails
 + Level 6.7 Armour
 + Level 6.2 Shields


You had 4 spell levels left.
You didn't know any spells.
Your spell library was empty.

Dungeon Overview and Level Annotations

Branches:
Dungeon (1/1)

Altars:
Kikubaaqudgha
Sif Muna
Vehumet


Innate Abilities, Weirdness & Mutations

You are immune to sickness and miasma.
Your stone body is resilient. (AC +4)
You are immune to poison.
You resist negative energy. (rN+)
You are resistant to electric shocks. (rElec)
You are resistant to unholy torment.
You are immune to petrification.
You are agile. (Dex +2)
You passively map a small area around you.


Message History

* * * LOW HITPOINT WARNING * * *
Barbed spikes become lodged in your body.
You block the iron imp's attack.
You barely miss the kobold demonologist.
The ufetubus hits you but does no damage.
You block the ufetubus's attack.
You block the kobold demonologist's attack.
The ufetubus closely misses you.
The ufetubus hits you but does no damage.
You block the red devil's attack.
Press: ? - help, v - describe, . - travel, g - get item
Here: a kobold demonologist, wielding a +2 dagger of protection and wearing a +0 robe Item here: a book of Debilitation.
The floor.
Unknown command.
You feel much better. You block the ufetubus's attack.
The ufetubus closely misses you. The iron imp hits you.
You block the kobold demonologist's attack.
The red devil hits you from afar with a +0 trident!
Barbed spikes become lodged in your body.
You barely miss the kobold demonologist.
The ufetubus misses you. The ufetubus hits you.
The ufetubus hits you but does no damage.
You block the ufetubus's attack. The iron imp barely misses you.
The red devil hits you but does no damage.
The kobold demonologist hits you but does no damage.
You closely miss the kobold demonologist.
The ufetubus hits you.
* * * LOW HITPOINT WARNING * * *
You block the ufetubus's attack. The red devil closely misses you.
The kobold demonologist looks braver for a moment.
You block the iron imp's attack.
You barely miss the kobold demonologist.
The red devil hits you from afar with a +0 trident!
* * * LOW HITPOINT WARNING * * *
Barbed spikes become lodged in your body.
The kobold demonologist barely misses you.
The iron imp shouts, "Fly, thou worthless onion-eyed death-token!"
The iron imp hits you.
You die...

#..#....♣♣♣ ♣♣.#_ __ * ,
####....♣.♣ ♣..# , , _*
...#....≈♣♣♣♣..###+#+###+
...#...≈≈♣.♣♣♣.#........
*
...#..≈≈≈≈♣..♣.'.⌠......
##'#..≈≈≈≈≈≈♣♣.#...#####
* , .)†#.≈≈≈≈≈≈....#)⌠.#
*, * ...#.≈≈≈≈≈.....#5..#
, , ...#.≈≈≈.......#@###
_ , ####...........#5K.#_
...............#5_4# , ,,
▓▓▓▓▓▓▓▓▓▓▓▓▓▓▓▓▓▓▓▓* ***
, ≈ ≈* * ≈≈ * ≈ ≈ , * ≈


You could see a kobold demonologist, a red devil (summoned), 2 iron imps and an
ufetubus (summoned).

Vanquished Creatures
  A water elemental (D)
  Jessica (D)
  A wizard (D)
  A human (D)
  A wolf (D)
  An endoplasm (D)
  2 rats (D)
8 creatures vanquished.

Notes
Turn   | Place    | Note
-------+----------+-------------------------------------------
     0 | D        | mhtbhm the Gargoyle Fighter began the quest for the Orb.
     0 | D        | Reached XP level 1. HP: 14/14 MP: 1/1
   105 | D        | Noticed Jessica
   110 | D        | Killed Jessica
   111 | D        | Reached XP level 2. HP: 14/20 MP: 2/2
   111 | D        | Reached XP level 3. HP: 17/25 MP: 3/3
   217 | D        | Reached skill level 5 in Fighting
   217 | D        | Reached skill level 5 in Armour
   217 | D        | Reached skill level 5 in Shields
   402 | D        | Reached XP level 4. HP: 8/31 MP: 4/4
   426 | D        | Gained mutation: You are agile. (Dex +2) [potion of
                  | mutation]
   426 | D        | Gained mutation: You passively map a small area around you.
                  | [potion of mutation]
   630 | D        | Noticed a water elemental
   634 | D        | Killed a water elemental
   635 | D        | Reached XP level 5. HP: 37/37 MP: 5/5
   640 | D        | Found a radiant altar of Vehumet.
   640 | D        | Found a shimmering blue altar of Sif Muna.
   640 | D        | Found an ancient bone altar of Kikubaaqudgha.
   642 | D        | Reached skill level 5 in Maces & Flails
   647 | D        | Noticed a red devil
   652 | D        | HP: 1/37 [red devil/+0 trident[a kobold demonologist] (9)]
   652 | D        | Slain by an iron imp

Illustrated notes

Levels and vault maps discovered:
D:        dungeon_sprint_mu [sprint_mu_entry_forest, sprint_mu_temple_rooms,
          sprint_mu_d1_spiders, sprint_mu_d2_genie, sprint_mu_d3_branching,
          sprint_mu_orc_legion, sprint_mu_elf_gauntlet, sprint_mu_hive_nellie,
          sprint_mu_lair_fedhas, sprint_mu_vaults_butterflies,
          sprint_mu_slime_circle, sprint_mu_shoals_archi,
          sprint_mu_snake_twists, sprint_mu_blade_basic,
          sprint_mu_crypt_chambers, sprint_mu_tomb_spiral,
          sprint_mu_vestibule_basic, sprint_mu_gehenna_hellfire,
          sprint_mu_dis_giant, sprint_mu_tartarus_statrot,
          sprint_mu_cocytus_islands, sprint_mu_zot1]

Skill      XL: |  1  2  3  4  5 |
---------------+----------------+-----
Fighting       | 4 5 6 |  6.7
Maces & Flails | 3 4 5 |  5.1
Armour         | 4 5 6 |  6.7
Shields        | 4 5 6 |  6.2

Action                   |  1- 3 |  4- 6 || total
-------------------------+-------+-------++-------
Melee: Flail             |    28 |    13 ||    41
  Use: Potion            |     1 |     3 ||     4
Armor: Scale mail        |    13 |     9 ||    22
Dodge: Dodged            |    13 |    15 ||    28
Block: Buckler           |     6 |     9 ||    15

Table legend: (Time is in decaauts)
 A = Elapsed time spent in this place.
 B = Non-inter-level travel time spent in this place.
 C = Inter-level travel time spent in this place.
 D = Time resting spent in this place.
 E = Time spent auto-exploring this place.
 F = Levels seen in this place.
 G = Mean time per level.
                   A        B        C        D        E       F      G
               +--------+--------+--------+--------+--------+-----+--------+
         Total |    677 |    677 |      0 |    531 |      1 |   1 |  677.0 |
       Dungeon |    677 |    677 |      0 |    531 |      1 |   1 |  677.0 |
               +--------+--------+--------+--------+--------+-----+--------+

Top non-repeatable levels by time:
       D: 677 daAuts
